Map: Ephemeron LE

Players

Elazer - Winner!

  • Race: Zerg Zerg
  • Spawn Location: 11:00

Trap

  • Race: Protoss Protoss
  • Spawn Location: 5:00

Event: IEM Katowice 2020

VOD

Have the link to the VOD?

Description

Time

  • Played on: Feb. 28, 2020, 6:03 a.m.
  • Length: 6:02

All games in this series

Show
View Real Time Build Order
Export as new Build Order

Elazer Zerg - Winner!

Build Orders: Hatch First 

Get SALT Encoding   

  12  0:00  Drone  
  13  0:12  Overlord  
  13  0:17  Drone  
  14  0:30  Drone x2  
  16  0:48  Hatchery  
  15  0:51  Drone  
  15  0:54  Drone  
  17  0:58  Drone  
  18  1:09  Extractor  
  17  1:13  Spawning Pool  
  17  1:16  Drone  
  17  1:20  Drone  
  18  1:27  Drone  
  19  1:39  Drone  
  20  1:50  Drone  
  21  1:59  Queen  
  21  2:00  Zergling x2, Queen  
  21  2:01  Overlord  
  26  2:11  Zergling x2, Drone  
  28  2:21  Drone x2  
  30  2:28  Hatchery  
  29  2:32  Drone  
  29  2:34  Drone  
  31  2:40  Queen  
  33  2:45  Metabolic Boost  
  33  2:50  Overlord  
  33  2:53  Drone  
  33  2:55  Drone  
  33  2:57  Drone  
  35  3:09  Overlord  
  35  3:10  Drone  
  35  3:11  Drone x3  
  39  3:13  Drone  
  39  3:15  Zergling x2  
  41  3:21  Queen  
  43  3:32  Zergling x2  
  43  3:34  Overlord  
  44  3:35  Drone x3  
  44  3:39  Zergling x2  
  44  3:40  Drone x3  
  49  3:46  Extractor  
  49  3:47  Roach Warren  
  46  3:49  Drone  
  46  3:51  Drone x2  
  46  3:55  Spore Crawler  
  48  4:01  Drone  
  48  4:02  Queen  
  51  4:05  Overlord  
  51  4:07  Drone  
  52  4:11  Queen  
  52  4:15  Zergling x2  
  55  4:17  Spore Crawler  
  55  4:19  Overlord  
  55  4:21  Zergling x2  
  55  4:28  Roach x2  
  55  4:29  Overlord  
  59  4:31  Roach  
  59  4:35  Roach  
  59  4:37  Roach  
  65  4:39  Roach  
  65  4:42  Roach  
  65  4:43  Roach  
  71  4:47  Roach  
  71  4:48  Roach  
  71  4:52  Overlord  
  75  4:53  Roach  
  75  4:57  Zergling x4  
  79  5:05  Zergling x6  
  82  5:13  Zergling x14  
  88  5:16  Overlord  
  87  5:21  Ravager x2  
  87  5:24  Overlord  
  89  5:35  Zergling x16  
  97  5:38  Overlord  
  96  5:43  Ravager x4  
Show
View Real Time Build Order
Export as new Build Order

Trap Protoss 

Build Orders: 1 Gate Expand, Oracle Opening, Phoenix Opening 

Get SALT Encoding   

  12  0:00  Probe  
  13  0:12  Probe  
  14  0:18  Pylon  
  14  0:24  Probe  
  15  0:36  Probe (Chrono Boost)  
  16  0:45  Gateway  
  16  0:46  Probe (Chrono Boost), Assimilator  
  17  0:51  Probe (Chrono Boost)  
  18  1:03  Probe  
  19  1:15  Probe  
  20  1:25  Nexus  
  20  1:34  Cybernetics Core  
  20  1:37  Probe  
  21  1:44  Assimilator  
  21  1:49  Probe  
  22  1:56  Pylon  
  22  2:01  Probe  
  23  2:11  Adept (Chrono Boost)  
  23  2:14  Probe  
  26  2:17  Stargate  
  26  2:27  Warp Gate, Probe (Chrono Boost)  
  27  2:34  Adept  
  29  2:38  Probe (Chrono Boost)  
  29  2:39  Probe (Chrono Boost)  
  31  2:47  Probe x2 (Chrono Boost)  
  33  2:52  Probe (Chrono Boost)  
  33  2:53  Probe  
  35  3:02  Phoenix (Chrono Boost)  
  35  3:04  Probe, Adept  
  40  3:10  Probe  
  41  3:13  Pylon  
  41  3:16  Probe  
  42  3:22  Probe, Oracle (Chrono Boost)  
  46  3:30  Gateway  
  46  3:32  Probe  
  47  3:34  Probe  
  48  3:44  Probe  
  48  3:46  Probe, Assimilator  
  50  3:49  Assimilator  
  50  3:51  Pylon, Oracle (Chrono Boost)  
  53  3:57  Probe  
  54  4:03  Pylon  
  54  4:08  Pylon  
  54  4:10  Probe x2  
  56  4:18  Stargate  
  56  4:22  Probe x2  
  58  4:27  Phoenix  
  58  4:31  Zealot  
  62  4:36  Adept  
  62  4:37  Pylon  
  64  4:51  Shield Battery  
  64  4:52  Shield Battery  
  66  4:54  Robotics Facility  
  66  4:56  Shield Battery  
  66  4:59  Oracle (Chrono Boost)  
  67  5:01  Zealot x2  
  67  5:03  Pylon  
  74  5:09  Oracle (Chrono Boost)  
  72  5:16  Shield Battery x2  
  70  5:24  Oracle (Chrono Boost), Zealot x2  
  77  5:29  Pylon  
  79  5:45  Zealot x2  

Tags
 
Add a new tag
Caveats
  • Supply blocks, unpowered buildings, or Contaminate may cause inaccurate times.
  • Supply counts are checked every 10 seconds.